 Dungeon Crawl Stone Soup version 0.29-a0-1009-g60c99734e7 (webtiles) character file.

Game seed: 12564862788778594742

7528 iguanaiguana the Geomancer (level 11, -2/68 HPs)
             Began as a Gargoyle Earth Elementalist on Aug 9, 2022.
             Was a Priest of Vehumet.
             Slain by a killer bee (7 damage)
             ... on level 9 of the Dungeon.
             The game lasted 00:44:37 (13963 turns).

iguanaiguana the Geomancer (GrEE)                  Turns: 13963, Time: 00:44:38

Health: -2/68      AC: 15    Str: 13    XL:     11   Next: 16%
Magic:  10/23      EV: 11    Int: 25    God:    Vehumet [***...]
Gold:   681        SH:  0    Dex: 10    Spells: 9/26 levels left

rFire   . . .      SeeInvis .   t - +0 whip (venom)
rCold   + . .      Faith    +   (no shield)
rNeg    + . .      Spirit   .   a - +0 acid dragon scales
rPois   ∞          Reflect  .   (no helmet)
rElec   +          Harm     .   m - +0 cloak
rCorr   +          Rampage  .   (no gloves)
Will    .....                   (no boots)
Stlth   +++.......              l - amulet of faith
HPRegen 0.21/turn               I - ring of protection from cold
MPRegen 0.18/turn               F - +6 ring of intelligence

@: no status effects
A: sickness immunity, AC +8, negative energy resistance 1, electricity
resistance, torment resistance 1, petrification resistance
a: Renounce Religion


You were on level 9 of the Dungeon.
You worshipped Vehumet.
Vehumet was most pleased with you.
You visited 2 branches of the dungeon, and saw 11 of its levels.

You collected 681 gold pieces.

Inventory:

Hand Weapons
 t - a +0 whip of venom (weapon)
Missiles
 d - a boomerang
 u - 33 poisoned darts
 B - 3 javelins
Armour
 a - +0 acid dragon scales (worn)
 m - a +0 cloak (worn)
Magical Staves
 w - a staff of air
Jewellery
 c - a +6 ring of strength
 l - an amulet of faith (around neck)
 F - a +6 ring of intelligence (right hand)
 I - a ring of protection from cold (left hand)
Scrolls
 g - 6 scrolls of enchant weapon {unknown}
 j - 6 scrolls of fog {unknown}
 n - 3 scrolls of poison {unknown}
 o - a scroll of magic mapping {unknown}
 p - 2 scrolls of immolation {unknown}
 s - 7 scrolls of identify {unknown}
 v - 2 scrolls of fear {unknown}
 A - 2 scrolls of teleportation {unknown}
 E - a scroll of enchant armour {unknown}
 H - a scroll of vulnerability {unknown}
Potions
 b - 2 potions of magic
 e - 4 potions of curing {unknown}
 f - 8 potions of heal wounds {@q2}
 h - 4 potions of flight {unknown}
 i - 2 potions of lignification {unknown}
 k - 2 potions of ambrosia {unknown}
 q - 2 potions of mutation {unknown}
 r - a potion of attraction {unknown}
 x - a potion of invisibility {unknown}
 z - a potion of might {unknown}
 C - 2 potions of haste {unknown}
 G - a potion of cancellation {unknown}


   Skills:
 - Level 8.0 Fighting
 - Level 3.0 Armour
 - Level 1.5 Dodging
 - Level 6.0 Stealth
 - Level 8.0 Spellcasting
 - Level 5.0 Conjurations
 + Level 3.2 Hexes
 - Level 3.0 Transmutations
 - Level 10.0 Earth Magic
 - Level 4.0 Evocations


You had 9 spell levels left.
You knew the following spells:

 Your Spells              Type           Power      Damage    Failure   Level
a - Sandblast             Erth           100%       2d20      1%          1
b - Stone Arrow           Conj/Erth      94%        3d12      1%          3
c - Lee's Rapid Deconstr  Erth           28%        3d16*     1%          5
d - Passwall              Tmut/Erth      35%        N/A       1%          2
e - Poisonous Vapours     Pois/Air       20%        N/A       3%          2
f - Petrify               Tmut/Erth      42%        N/A       6%          4

Your spell library contained the following spells:

 Spells                   Type           Power      Damage    Failure   Level
 Inner Flame              Hex/Fire       18%        N/A       4%          3
 Fulminant Prism          Conj/Hex       15%        3d11      4%          4
 Iskenderun's Mystic Bla  Conj/Tloc      22%        2d6       9%          4
 Airstrike                Air            5%         2d(1-17)  22%         4
 Lightning Bolt           Conj/Air       11%        1d24      22%         5
 Corpse Rot               Necr/Pois/Air  10%        N/A       65%         4
 Summon Lightning Spire   Summ/Air       10%        N/A       65%         4
 Summon Mana Viper        Hex/Summ       18%        N/A       77%         5
 Summon Forest            Summ/Tloc      5%         N/A       94%         5
 Summon Cactus Giant      Summ           5%         N/A       100%        6


Dungeon Overview and Level Annotations

Branches:
Dungeon (10/15) Zot: 26634  Temple (1/1) D:5 Zot: 5883     Orc (0/2) D:9
   Lair: D:8-11

Altars:
Ashenzari
Cheibriados
Fedhas
Gozag
Hepliaklqana
Kikubaaqudgha
Makhleb
Nemelex Xobeh
Ru
Uskayaw
Vehumet
Wu Jian
Xom
Yredelemnul
The Shining One

Shops:
D:3 ?   D:6 :

Annotations:
D:2 1 runed translucent door, exclusion: door
D:3 Grinder


Innate Abilities, Weirdness & Mutations

You are immune to sickness and miasma.
Your stone body is resilient. (AC +8)
You are immune to poison.
You resist negative energy. (rN+)
You are resistant to electric shocks. (rElec)
You are resistant to unholy torment.
You are immune to petrification.


Message History

The killer bee attacks as you move away!
The killer bee stings you. The killer bee stings you!
* * * LOW HITPOINT WARNING * * *
The killer bee attacks as you move away! x2
The killer bee stings you.
* * * LOW HITPOINT WARNING * * *
The killer bee attacks as you move away!
The killer bee stings you.
* * * LOW HITPOINT WARNING * * *
The killer bee stings you.
* * * LOW HITPOINT WARNING * * *
The killer bee attacks as you move away! x2
There is a stone staircase leading up here.
The killer bee stings you.
* * * LOW HITPOINT WARNING * * *
The killer bee stings you.
* * * LOW HITPOINT WARNING * * *
You climb upwards.
There is a stone staircase leading down here.
The killer bee attacks as you move away!
The killer bee stings you!
* * * LOW HITPOINT WARNING * * *
The killer bee stings you.
* * * LOW HITPOINT WARNING * * *
The killer bee stings you.
* * * LOW HITPOINT WARNING * * *
The killer bee attacks as you move away! x3
The killer bee attacks as you move away!
The killer bee attacks as you move away!
The killer bee stings you.
* * * LOW HITPOINT WARNING * * *
The killer bee stings you.
* * * LOW HITPOINT WARNING * * *
The killer bee attacks as you move away!
The killer bee stings you.
* * * LOW HITPOINT WARNING * * *
The killer bee attacks as you move away!
There is an escape hatch in the ceiling here.
The killer bee stings you!
You die...

### #................... #.##
#............#..#... ##..#
##............#..###. ###...#
##............##..##..
##.#...###.>.y.#...........#...
##..##........#.............#...
#............###....##...###....
##..#........##yyy.##...####....
#####........#@y#####.....##..>
### ##..........## ##..........
..# #..........## ##......##...
..# #..........## ##......##....
..#####..........###........#....
.##.##...........##....<.........
........#.........##.............
.......###...###............###..
.##..######..####..........######


You could see 4 killer bees.

Vanquished Creatures
  A two-headed ogre (D:9)
  Maurice (D:9)
  Maggie (D:9)
  A hornet (D:10)
  Sigmund (D:5)
  7 yaks
  A wyvern (D:9)
  2 steam dragons (D:8)
  3 acid dragons
  2 water moccasins
  9 orc warriors
  2 sky beasts (D:7)
  2 ice beasts
  2 black bears
  A centaur (D:7)
  A phantom (D:4)
  2 kobold brigands
  2 bullfrogs
  2 scorpions
  5 wights
  12 killer bees
  2 howler monkeys
  9 orc priests
  3 hounds
  3 jellies
  Jessica (D:3)
  Natasha (thrice) (D:3)
  5 iguanas
  11 orc wizards
  5 adders
  5 gnolls
  2 white imps (D:5)
  2 ufetubi (D:5)
  A dart slug (D:3)
  26 orcs
  6 endoplasms
  5 giant cockroaches
  A goblin (D:1)
  8 hobgoblins
  6 quokkas
  7 ball pythons
  4 bats
  2 frilled lizards
  13 kobolds
  4 rats
  A spectral orc (D:4)
195 creatures vanquished.

Vanquished Creatures (others)
  An orc warrior (D:9)
  13 fungi (D:10)
  17 plants (D:10)
31 creatures vanquished.

Grand Total: 226 creatures vanquished

Notes
Turn   | Place    | Note
-------+----------+-------------------------------------------
     0 | D:1      | iguanaiguana the Gargoyle Earth Elementalist began the
                  | quest for the Orb.
     0 | D:1      | Reached XP level 1. HP: 10/10 MP: 3/3
   110 | D:1      | Reached skill level 4 in Earth Magic
   231 | D:1      | Reached XP level 2. HP: 15/15 MP: 0/5
   999 | D:2      | Reached XP level 3. HP: 19/19 MP: 4/6
  1076 | D:2      | Found a runed translucent door.
  1112 | D:2      | Reached skill level 5 in Earth Magic
  1116 | D:2      | Learned a level 3 spell: Stone Arrow
  1435 | D:2      | Reached skill level 1 in Conjurations
  1489 | D:2      | Found a faded altar of an unknown god.
  1614 | D:3      | Noticed Grinder
  1664 | D:3      | Noticed Natasha
  1793 | D:3      | Found Qiyf Hue's Magic Scroll Shoppe.
  2002 | D:3      | Noticed Jessica
  2203 | D:4      | Reached XP level 4. HP: 24/24 MP: 1/7
  2224 | D:4      | Learned a level 2 spell: Poisonous Vapours
  2440 | D:4      | Noticed a scorpion
  2447 | D:4      | Killed a scorpion
  2448 | D:4      | Reached XP level 5. HP: 27/28 MP: 2/9
  2451 | D:4      | Learned a level 2 spell: Passwall
  3058 | D:4      | Noticed a phantom
  3065 | D:4      | Killed a phantom
  3066 | D:4      | Reached XP level 6. HP: 25/32 MP: 3/11
  3396 | D:4      | Found a basalt altar of Yredelemnul.
  3847 | D:5      | Entered Level 5 of the Dungeon
  3928 | D:5      | Found a staircase to the Ecumenical Temple.
  4089 | D:5      | Reached skill level 6 in Earth Magic
  4113 | D:5      | Found a hide-covered altar of Uskayaw.
  4167 | D:5      | Noticed Sigmund
  4242 | D:5      | Noticed an ice beast
  4277 | D:5      | Reached XP level 7. HP: 36/36 MP: 11/13
  4291 | Temple   | Entered the Ecumenical Temple
  4400 | Temple   | Became a worshipper of Vehumet
  4472 | D:6      | Found a sacrificial altar of Ru.
  4511 | D:5      | Reached skill level 7 in Earth Magic
  4729 | D:6      | Reached skill level 1 in Fighting
  5043 | D:6      | Found a blossoming altar of Fedhas.
  5159 | D:6      | Found Dyefimick's Book Boutique.
  5332 | D:6      | Reached skill level 1 in Armour
  5928 | D:5      | Found a broken altar of Ashenzari.
  5954 | D:5      | Found a snail-covered altar of Cheibriados.
  5959 | D:5      | Found an opulent altar of Gozag.
  6083 | D:5      | Killed Sigmund
  6084 | D:5      | Reached XP level 8. HP: 40/48 MP: 4/14
  6236 | D:3      | Killed Natasha
  6277 | D:3      | Noticed Natasha
  6290 | D:3      | Killed Natasha
  6343 | D:3      | Noticed Natasha
  6346 | D:3      | Killed Natasha
  6454 | D:3      | Killed Jessica
  6455 | D:3      | Reached skill level 5 in Conjurations
  7573 | D:7      | Learned a level 5 spell: Lee's Rapid Deconstruction
  7640 | D:7      | Reached * piety under Vehumet
  7640 | D:7      | Offered knowledge of Magic Dart by Vehumet.
  7641 | D:7      | Reached skill level 8 in Earth Magic
  7743 | D:7      | Reached XP level 9. HP: 52/52 MP: 8/15
  7832 | D:6      | Reached skill level 9 in Earth Magic
  8398 | D:7      | Reached skill level 10 in Earth Magic
  8519 | D:7      | Reached skill level 5 in Spellcasting
  8617 | D:7      | Noticed a manticore
  9249 | D:7      | Learned a level 4 spell: Petrify
  9408 | D:8      | Reached skill level 1 in Transmutations
  9814 | D:8      | Reached XP level 10. HP: 56/56 MP: 13/19
 10332 | D:8      | Offered knowledge of Foxfire by Vehumet.
 10526 | D:8      | Reached ** piety under Vehumet
 10527 | D:8      | Reached skill level 5 in Stealth
 10592 | D:8      | Found a burning altar of Makhleb.
 10772 | D:9      | Noticed Maurice
 10895 | D:9      | Killed Maurice
 11741 | D:9      | Offered knowledge of Dazzling Flash by Vehumet.
 11837 | D:9      | Found a staircase to the Orcish Mines.
 11932 | D:9      | Noticed Maggie
 12021 | D:9      | Killed Maggie
 12022 | D:9      | Reached skill level 5 in Fighting
 12136 | D:9      | Reached *** piety under Vehumet
 13182 | D:9      | Offered knowledge of Inner Flame by Vehumet.
 13183 | D:9      | Reached XP level 11. HP: 55/67 MP: 7/23
 13238 | D:9      | Noticed a two-headed ogre
 13433 | D:9      | Killed a two-headed ogre
 13600 | D:10     | Entered Level 10 of the Dungeon
 13963 | D:9      | Slain by a killer bee

Illustrated notes

Levels and vault maps discovered:
D:1:      lemuel_arrival_cross, layout_loops_ring
D:2:      layout_rooms, dilly_ecumenical_altar_fadedgnrine,
          uniq_crazy_yiuf_cottage
D:3:      layout_basic, serial_shops, shop, uniq_jessica, uniq_natasha,
          uniq_grinder
D:4:      layout_basic, yredelemnul_forgotten_temple_becter
D:5:      layout_loops_ring, mainiacjoe_overflow_alcove_1,
          minmay_overflow_temple_star_quad, minmay_temple_entry_waves,
          sigmund_army
D:6:      layout_basic, fedhas_altar_4, mainiacjoe_overflow_24_doors,
          serial_shops, nicolae_shop_window_shopping, minivault_26
D:7:      layout_loops_corners, marbit_many_paths, dreamdust_princess_bridge,
          minmay_increasing_density
D:8:      layout_loops_ring, kennysheep_mini_moat
D:9:      layout_cave_pools, minmay_orc_entry_temple_large,
          supply_closet_lemuel, uniq_maggie, uniq_maurice
D:10:     layout_irregular_city, due_lair_maze_entry_diamond,
          small_chamber_with_monster
Temple:   cyrus_circular_temple

Skill      XL: |  1  2  3  4  5  6  7  8  9 10 11 |
---------------+----------------------------------+-----
Earth Magic    | 4 5 6 7 8 10 | 10.0
Conjurations   | 2 3 4 5 |  5.0
Spellcasting   | 3 4 6 8 |  8.0
Fighting       | 4 7 8 |  8.0
Armour         | 3 |  3.0
Evocations     | 4 |  4.0
Transmutations | 3 |  3.0
Stealth        | 6 |  6.0
Hexes          | 3 |  3.2
Dodging        | |  1.5

Action                   |  1- 3 |  4- 6 |  7- 9 | 10-12 || total
-------------------------+-------+-------+-------+-------++-------
Melee: Whip              |       |    34 |    41 |    28 ||   103
       Punch             |       |       |       |     1 ||     1
Throw: Dart              |       |       |       |     4 ||     4
 Cast: Sandblast         |    61 |    41 |    20 |     2 ||   124
       Stone Arrow       |       |     6 |    70 |    16 ||    92
       Lee's Rapid Decon |       |       |    17 |    77 ||    94
       Poisonous Vapours |       |       |     1 |     1 ||     2
       Petrify           |       |       |       |     3 ||     3
Evoke: Wand              |       |       |     2 |     3 ||     5
 Stab: Sleeping          |       |       |       |     2 ||     2
Armor: Leather armour    |     6 |    35 |    44 |    17 ||   102
       Acid dragon scale |       |       |       |    65 ||    65
Dodge: Dodged            |    14 |    34 |    52 |   118 ||   218

Table legend: (Time is in decaauts)
 A = Elapsed time spent in this place.
 B = Non-inter-level travel time spent in this place.
 C = Inter-level travel time spent in this place.
 D = Time resting spent in this place.
 E = Time spent auto-exploring this place.
 F = Levels seen in this place.
 G = Mean time per level.
                   A        B        C        D        E       F      G
               +--------+--------+--------+--------+--------+-----+--------+
         Total |  14132 |  13107 |   1025 |   4086 |   6865 |  11 | 1284.7 |
       Dungeon |  14015 |  12990 |   1025 |   3986 |   6865 |  10 | 1401.5 |
        Temple |    116 |    116 |      0 |    100 |      0 |   1 |  116.0 |
               +--------+--------+--------+--------+--------+-----+--------+

Top non-repeatable levels by time:
     D:8: 2583 daAuts
     D:6: 1947 daAuts
     D:9: 1860 daAuts
     D:4: 1652 daAuts
     D:5: 1543 daAuts
     D:7: 1361 daAuts
     D:3: 1302 daAuts
     D:1: 974 daAuts
     D:2: 630 daAuts
    D:10: 160 daAuts
  Temple: 116 daAuts
